 Dungeon Crawl Stone Soup version 0.19-a0-1686-g35356ef (webtiles) character file.

83336 st0uf the Warrior (level 15, -1/129 HPs)
             Began as a Demonspawn Fighter on Sept 25, 2016.
             Was the Champion of Okawaru.
             Slain by a two-headed ogre
             ... wielding a +0 dire flail
              (5 damage)
             ... on level 1 of the Orcish Mines.
             The game lasted 01:46:27 (16745 turns).

st0uf the Warrior (Demonspawn Fighter)             Turns: 16745, Time: 01:46:28

Health: -1/129     AC: 22    Str: 27    XL:     15   Next: 32%
Magic:  0/31       EV: 14    Int: 13    God:    Okawaru [******]
Gold:   1657       SH:  0    Dex:  8    Spells: 0 memorised, 14 levels left

rFire  + . .     SeeInvis +     L - +3 battleaxe (freeze)
rCold  . . .     Gourm    .     r - +2 scale mail of the Thistle {rN+ MR+ Int+3}
rNeg   + . .     Faith    .     (shield currently unavailable)
rPois  +         Spirit   +     (helmet unavailable)
rElec  +         Dismiss  .     y - +2 cloak {MR+}
rCorr  .         Reflect  .     S - +0 pair of gloves
MR     +++..     Harm     .     F - +0 pair of boots "Waason" {rF+}
Stlth  ..........               E - amulet of Padghaguzxi {+Rage rElec MP+9 Dex-4 Slay+2}
                                A - +4 ring of strength
                                s - ring of see invisible

@: no status effects
A: horns 3, slimy green scales 3, powered by death 2, magic shield
a: Heroism, Finesse, Renounce Religion, Evoke Berserk Rage


You were on level 1 of the Orcish Mines.
You worshipped Okawaru.
Okawaru was exalted by your worship.
You were near starving.

You visited 4 branches of the dungeon, and saw 22 of its levels.
You also visited: Bailey.

You collected 1717 gold pieces.
You spent 60 gold pieces at shops.

Inventory:

Hand Weapons
 L - a +3 battleaxe of freezing (weapon)
 O - a +3 morningstar
Missiles
 Y - 3 throwing nets (quivered)
Armour
 r - the +2 scale mail of the Thistle (worn) {rN+ MR+ Int+3}
   (Okawaru gifted it to you on level 3 of the Lair of Beasts)

   It affects your intelligence (+3).
   It protects you from negative energy.
   It affects your resistance to hostile enchantments.
 y - a +2 cloak of magic resistance (worn)
 F - the +0 pair of boots "Waason" (worn) {rF+}
   (Okawaru gifted it to you on level 6 of the Lair of Beasts)

   It protects you from fire.
 S - a +0 pair of gloves (worn)
Jewellery
 m - an uncursed ring of fire
 s - a ring of see invisible (left hand)
 A - a +4 ring of strength (right hand)
 E - the amulet of Padghaguzxi (around neck) {+Rage rElec MP+9 Dex-4 Slay+2}
   (You found it on level 7 of the Dungeon)

   [amulet of rage]

   It affects your dexterity (-4).
   It affects your accuracy and damage with ranged weapons and melee attacks
   (+2).
   It insulates you from electricity.
   It affects your magic capacity (+9).
   It lets you go berserk.
 H - an uncursed ring of positive energy
 K - an uncursed ring of positive energy
Wands
 a - a wand of paralysis (14/24)
 b - a wand of disintegration (9/24)
 R - a wand of digging (5/24)
Scrolls
 e - 3 scrolls of recharging {unknown}
 g - 2 scrolls of amnesia {unknown}
 h - 2 scrolls of summoning {unknown}
 i - 4 scrolls of enchant armour {unknown}
 j - 8 scrolls of teleportation
 q - 2 scrolls of blinking {unknown}
 B - 2 scrolls of immolation {unknown}
 I - 2 scrolls of fog {unknown}
 J - 6 scrolls of noise {unknown}
 M - 2 scrolls of remove curse
 Q - a scroll of brand weapon {unknown}
 T - 2 scrolls of magic mapping {unknown}
 U - 3 scrolls of random uselessness {unknown}
 V - a scroll of acquirement {unknown}
 W - 8 scrolls of enchant weapon {unknown}
 Z - a scroll of identify
Potions
 c - 3 potions of lignification
 d - 7 potions of might
 l - 2 potions of berserk rage
 n - 2 potions of beneficial mutation {unknown}
 o - 4 potions of flight
 p - 5 potions of curing
 t - a potion of invisibility
 u - 3 potions of agility
 w - 2 potions of resistance
 C - 3 potions of degeneration {unknown}
 D - 2 potions of magic {unknown}
 G - a potion of cancellation
 N - 3 potions of brilliance {unknown}
 P - 5 potions of haste
 X - a potion of mutation {unknown}
Comestibles
 f - 17 bread rations
 v - 5 beef jerkies
 x - 4 meat rations
 z - 17 fruits


   Skills:
 * Level 15.2 Fighting
 * Level 13.9 Axes
 + Level 10.8 Armour
 + Level 9.9 Dodging
   Level 2.6 Shields
 + Level 9.8 Invocations


You had 14 spell levels left.
You didn't know any spells.

Dungeon Overview and Level Annotations

Branches:
Dungeon (14/15)            Temple (1/1) D:4            Lair (6/6) D:9
  Swamp (0/4) Lair:4       Spider (0/4) Lair:3        Slime (0/5) Lair:5
    Orc (1/2) D:10
 Vaults: D:13-14

Altars:
Ashenzari
Cheibriados
Dithmenos
Elyvilon
Fedhas
Gozag
Hepliaklqana
Makhleb
Nemelex Xobeh
Okawaru
Qazlal
Ru
Sif Muna
Trog
Uskayaw
Vehumet
Xom
Yredelemnul
Zin
The Shining One
Jiyva

Shops:
D:6 [   D:7 *

Annotations:
D:5 1 runed door
Lair:1 exclusion: 2 oklob plants


Innate Abilities, Weirdness & Mutations

You have a pair of large horns on your head.
You are completely covered in slimy green scales. (AC +4, rPois)
You regenerate health from kills.
When hurt, damage is shared between your health and your magic reserves.


Message History

An orc comes into view. It is wielding a dagger.
The orc shouts!
You slice the orc!! You freeze the orc.
You kill the orc!
The orc hits you but does no damage.
An orc and an orc high priest come into view.
The orc high priest shouts!
The orc shouts!
You hit the orc but do no damage. You headbutt the orc.
The orc is moderately wounded.
The orc high priest utters an invocation to Beogh.
The orc closely misses you.
You hit the orc. You freeze the orc.
You kill the orc!
The orc high priest moves out of view.
You slash the two-headed ogre! You freeze the two-headed ogre.
The two-headed ogre is heavily wounded.
The two-headed ogre hits you with a dire flail!!
* * * LOW HITPOINT WARNING * * *
The two-headed ogre hits you with a giant club.
You die...

..#### ##.#........
.....# #.........#
#....## ##.#.....#
......# #...(...####
......# ####..#(.....# $
....#.###.##.##......#..
..#....#......#(........
......#...##.##.........
..#.####.....###@.......
#######......###[O......
.## #..........##o......
#.###.........## .......
...#..........# o...#..
#.........#.... .....# .
#........##.........##
..........## .....#.
.........#.##....


You could see a two-headed ogre and 2 orcs.

Vanquished Creatures
  2 entropy weavers (Lair:6)
  A stone giant (Orc:1)
  Nessos (Lair:6)
  Erolcha (D:11)
  5 hydras
  Fannar (Lair:2)
  Harold (D:12)
  2 catoblepae
  2 centaur warriors
  A queen ant (Lair:6)
  22 death yaks
  Urug (Lair:5)
  Nergalle (Lair:1)
  Sonja (Lair:2)
  An unseen horror (D:13)
  A skeletal warrior (D:13)
  5 hill giants
  An orc knight (Bailey)
  An oklob plant (Lair:3)
  3 ugly things
  A deep elf mage (D:12)
  15 elephants
  2 cyclopes
  3 manticores
  A centaur zombie (D:11)
  4 black mambas
  12 spiny frogs
  3 rime drakes
  4 komodo dragons
  2 tengu conjurers (D:13)
  3 trolls
  A tyrant leech (Lair:4)
  5 polar bears (Lair:6)
  2 two-headed ogres
  14 blink frogs
  2 hippogriffs
  5 slime creatures (D:12)
  7 dream sheep
  15 spriggans
  Sigmund (D:3)
  A redback (Lair:3)
  27 yaks
  5 wraiths
  A steam dragon (Lair:3)
  3 hungry ghosts
  A warg (Orc:1)
  A mottled dragon (D:13)
  Edmund (D:5)
  16 soldier ants
  10 water moccasins
  11 porcupines
  17 orc warriors
  4 black bears
  8 sky beasts
  6 ice beasts
  5 wasps
  2 eyes of draining
  4 ogres
  4 phantoms
  A necrophage (D:12)
  4 boggarts (Lair:6)
  35 wolves
  6 centaurs
  11 crocodiles
  16 bullfrogs
  2 big kobolds
  A wyvern skeleton (D:12)
  4 scorpions
  27 wights
  11 killer bees
  5 howler monkeys
  3 hounds
  5 crimson imps
  2 quasits
  A bullfrog skeleton (D:9)
  A gnoll shaman (D:9)
  5 jellies
  8 orc priests
  3 centaur skeletons
  9 orc wizards
  Terence (D:3)
  15 iguanas
  46 worker ants
  A hound zombie (D:11)
  2 hound skeletons
  A howler monkey zombie (D:9)
  8 gnolls
  85 river rats
  10 adders
  3 shadow imps
  3 adder zombies
  An adder skeleton (D:4)
  3 worms
  A dart slug (D:1)
  A leopard gecko (D:4)
  63 orcs
  4 bats
  10 giant cockroaches
  10 goblins
  3 hobgoblins
  19 jackals
  11 kobolds
  4 quokkas
  2 ball pythons
  A frilled lizard (D:1)
  A leopard gecko skeleton (D:7)
  A leopard gecko zombie (D:5)
  4 rats
  A butterfly (D:5)
  6 fungi
  3 plants
767 creatures vanquished.

Vanquished Creatures (others)
  An unseen horror (D:12)
  2 bushes (Lair:5)
  5 fungi
  8 plants
16 creatures vanquished.

Grand Total: 783 creatures vanquished

Notes
Turn   | Place    | Note
-------+----------+-------------------------------------------
     0 | D:1      | st0uf the Demonspawn Fighter began the quest for the Orb.
     0 | D:1      | Reached XP level 1. HP: 18/18 MP: 1/1
    68 | D:1      | Gained mutation: You are partially covered in slimy green scales. (AC +2) [demonic ancestry]
    68 | D:1      | Reached XP level 2. HP: 20/24 MP: 2/2
   304 | D:2      | Gained mutation: You are mostly covered in slimy green scales. (AC +3) [demonic ancestry]
   304 | D:2      | Reached XP level 3. HP: 21/29 MP: 3/3
   599 | D:3      | Noticed an ice beast
   632 | D:3      | Noticed Sigmund
   655 | D:3      | Killed Sigmund
   655 | D:3      | Reached skill level 4 in Fighting
   655 | D:3      | Reached skill level 1 in Dodging
   655 | D:3      | Gained mutation: You regenerate a little health from kills. [demonic ancestry]
   655 | D:3      | Reached XP level 4. HP: 20/37 MP: 4/4
   655 | D:3      | Gained mutation: You regenerate health from kills. [demonic ancestry]
   655 | D:3      | Reached XP level 5. HP: 23/42 MP: 5/5
   831 | D:3      | Noticed Terence
   845 | D:3      | Killed Terence
   867 | D:4      | Noticed a centaur
   874 | D:4      | Gained mutation: You have a pair of small horns on your head. [demonic ancestry]
   874 | D:4      | Reached XP level 6. HP: 28/49 MP: 6/6
  1118 | D:4      | Found a shattered altar of Ashenzari.
  1196 | D:4      | Reached skill level 5 in Fighting
  1328 | D:4      | Found a sparkling altar of Nemelex Xobeh.
  1520 | D:4      | Found a staircase to the Ecumenical Temple.
  1524 | Temple   | Entered the Ecumenical Temple
  1649 | Temple   | Became a worshipper of Warmaster Okawaru
  1704 | D:5      | Entered Level 5 of the Dungeon
  1806 | D:5      | Gained mutation: You have a pair of horns on your head. [demonic ancestry]
  1806 | D:5      | Reached XP level 7. HP: 5/56 MP: 7/7
  2081 | D:5      | Noticed Edmund
  2096 | D:5      | Killed Edmund
  2209 | D:5      | Found a runed door.
  2233 | D:5      | Found a runed door.
  2243 | D:5      | Reached * piety under Okawaru
  2267 | D:5      | Reached skill level 6 in Fighting
  2268 | D:5      | Reached skill level 5 in Axes
  2335 | D:5      | Gained mutation: When hurt, damage is shared between your health and your magic reserves. [demonic ancestry]
  2335 | D:5      | Reached XP level 8. HP: 42/64 MP: 8/8
  2465 | D:5      | Reached ** piety under Okawaru
  2615 | D:6      | Found a white marble altar of Elyvilon.
  2755 | D:6      | Found Tutadurgh's Armour Boutique.
  2872 | D:6      | Reached skill level 7 in Fighting
  2997 | D:6      | Found a shimmering altar of Xom.
  3085 | D:6      | Found a radiant altar of Vehumet.
  3099 | D:6      | Reached skill level 5 in Armour
  3560 | D:7      | Found Roaph's General Store.
  3598 | D:7      | Bought a potion of heal wounds for 60 gold pieces
  3644 | D:7      | Reached XP level 9. HP: 71/72 MP: 7/9
  3661 | D:7      | Got a shimmering steel amulet
  3662 | D:7      | Identified the amulet of Padghaguzxi {+Rage rElec MP+9 Dex-4 Slay+2} (You found it on level 7 of the Dungeon)
  3750 | D:7      | Reached *** piety under Okawaru
  3995 | D:7      | Reached skill level 8 in Fighting
  4370 | D:8      | Found a bloodstained altar of Trog.
  4714 | D:8      | Noticed a komodo dragon
  4725 | D:8      | Killed a komodo dragon
  4725 | D:8      | Reached **** piety under Okawaru
  4823 | D:8      | Reached XP level 10. HP: 72/82 MP: 10/10
  4905 | D:9      | Reached skill level 9 in Fighting
  4963 | D:9      | Reached skill level 5 in Dodging
  5014 | D:9      | Found a staircase to the Lair.
  5025 | D:9      | Reached ***** piety under Okawaru
  5040 | D:9      | Found a blossoming altar of Fedhas.
  5069 | D:9      | Found an opulent altar of Gozag.
  5119 | D:9      | Noticed a centaur warrior
  5124 | D:9      | Noticed a cyclops
  5131 | D:9      | Killed a centaur warrior
  5131 | D:9      | Reached skill level 10 in Fighting
  5137 | D:9      | Killed a cyclops
  5151 | D:9      | Received a gift from Okawaru
  5188 | D:9      | Reached XP level 11. HP: 91/91 MP: 9/11
  5400 | D:10     | Entered Level 10 of the Dungeon
  5969 | D:10     | Found a snail-covered altar of Cheibriados.
  6212 | D:10     | Noticed a hill giant
  6218 | D:10     | Killed a hill giant
  6279 | D:10     | Found a staircase to the Orcish Mines.
  6311 | D:10     | Received a gift from Okawaru
  6786 | D:11     | Reached skill level 11 in Fighting
  6888 | D:11     | Noticed a hill giant
  6894 | D:11     | Killed a hill giant
  6894 | D:11     | Reached skill level 10 in Axes
  6938 | D:11     | Noticed Erolcha
  6942 | D:11     | Paralysed by Erolcha for 3 turns
  6958 | D:11     | Killed Erolcha
  7628 | D:12     | Found a flagged portal.
  7641 | Bailey   | Entered a bailey
  8685 | Bailey   | Noticed an orc knight
  8699 | Bailey   | Killed an orc knight
  8699 | Bailey   | Gained mutation: You are completely covered in slimy green scales. (AC +4, rPois) [demonic ancestry]
  8699 | Bailey   | Reached XP level 12. HP: 84/101 MP: 12/12
  8707 | Bailey   | Found a roughly hewn altar of Beogh.
  8833 | D:12     | Received a gift from Okawaru
  8978 | D:12     | Reached skill level 12 in Fighting
  9035 | D:12     | Noticed Harold
  9052 | D:12     | Killed Harold
  9168 | D:12     | Reached skill level 1 in Invocations
  9228 | D:12     | Identified the +5 shortbow "Lorem Ipsum" {freeze, Str+4 Int+2} (You found it on level 12 of the Dungeon)
  9614 | D:13     | Reached ****** piety under Okawaru
 10255 | D:14     | Noticed a centaur warrior
 10262 | D:14     | Killed a centaur warrior
 10267 | D:14     | Noticed a five-headed hydra
 10323 | D:13     | Received a gift from Okawaru
 10376 | D:11     | Reached XP level 13. HP: 85/108 MP: 16/16
 10570 | Lair:1   | Entered Level 1 of the Lair of Beasts
 10698 | Lair:1   | Noticed Nergalle
 10710 | Lair:1   | Killed Nergalle
 11335 | Lair:2   | Reached skill level 13 in Fighting
 11335 | Lair:2   | Reached skill level 5 in Invocations
 11469 | Lair:2   | Noticed Fannar
 11477 | Lair:2   | Killed Fannar
 11521 | Lair:2   | Noticed Sonja
 11535 | Lair:2   | Killed Sonja
 11745 | Lair:3   | Found a shimmering altar of Xom.
 11897 | Lair:3   | You fall through a shaft for 3 floors!
 11897 | Lair:6   | Entered Level 6 of the Lair of Beasts
 11897 | Lair:6   | Noticed an entropy weaver
 11901 | Lair:6   | Noticed an entropy weaver
 11903 | Lair:6   | Killed an entropy weaver
 11924 | Lair:6   | Killed an entropy weaver
 11938 | Lair:6   | Received a gift from Okawaru
 12002 | Lair:6   | Got a pair of faintly glowing boots {god gift}
 12008 | Lair:6   | Identified the +0 pair of boots "Waason" {rF+} (Okawaru gifted it to you on level 6 of the Lair of Beasts)
 12145 | Lair:6   | Reached XP level 14. HP: 89/118 MP: 12/19
 12392 | Lair:3   | Found a hole to the Spider Nest.
 12509 | Lair:3   | Reached skill level 10 in Armour
 12520 | Lair:3   | Received a gift from Okawaru
 12520 | Lair:3   | Reached skill level 14 in Fighting
 12531 | Lair:3   | Got a jewelled scale mail {god gift}
 12537 | Lair:3   | Identified the +2 scale mail of the Thistle {rN+ MR+ Int+3} (Okawaru gifted it to you on level 3 of the Lair of Beasts)
 12750 | Lair:4   | Found a staircase to the Swamp.
 13005 | Lair:5   | Found a viscous altar of Jiyva.
 13005 | Lair:5   | Found a staircase to the Slime Pits.
 13305 | Lair:5   | Noticed Urug
 13314 | Lair:5   | Killed Urug
 13366 | Lair:6   | Noticed Nessos
 13400 | Lair:6   | Killed Nessos
 13761 | Lair:5   | Received a gift from Okawaru
 14490 | Lair:6   | Gained mutation: You have a pair of large horns on your head. [demonic ancestry]
 14490 | Lair:6   | Reached XP level 15. HP: 127/127 MP: 21/21
 14877 | Lair:6   | Reached skill level 15 in Fighting
 15209 | Lair:6   | Received a gift from Okawaru
 16628 | Orc:1    | Entered Level 1 of the Orcish Mines
 16737 | Orc:1    | HP: 6/129 [stone giant (22)]
 16745 | Orc:1    | HP: 4/129 [two-headed ogre/dire flail (17)]
 16745 | Orc:1    | Slain by a two-headed ogre

Vault maps used:
D:1:      dpeg_arrival_pits, minmay_tetromino_s4
D:2:      tgw_xom, marbit_many_paths, grunt_qazlal_clouds
D:3:      first_bread, uniq_terence, uniq_sigmund
D:4:      kennysheep_little_box, serial_bayou, serial_bayou_pond_a,
          serial_bayou_pond_e, serial_bayou_ford_a, serial_bayou_shore_b,
          cheibrodos_ashenzari_chains
D:5:      lemuel_insect_pit, serial_glass, glass_columns_a, glass_columns_a,
          glass_columns_a, glass_columns_a, glass_columns_a, glass_columns_c,
          minmay_misc_feat_cross, dk_noncrumbling_4, uniq_edmund
D:6:      vehumet_altar_wand_db, elyvilon_altar_1, basic_altar, serial_shops,
          shop, nicolae_sextant
D:7:      serial_shops, nicolae_shop_window_shopping, the_bakery,
          hangedman_decor_clover_reticule
D:8:      kennysheep_mini_moat
D:9:      kennysheep_blocky_room, fedhas_altar_1, overflow_temple_1_default,
          minmay_lair_entry_grove
D:10:     orc_0_dummy, cheibriados_altar_1
D:11:     minmay_goldmine, serial_column_ruins, column_ruins_columns_dead_end,
          column_ruins_corridor_straight, column_ruins_corridor_dead_end,
          column_ruins_open_medium, column_ruins_grid_1,
          hangedman_abyss_or_decor_clamps, nicolae_lava_and_water,
          solitary_fountain, uniq_erolcha
D:12:     enter_bailey_3, kennysheep_generic_room_9, uniq_harold
D:13:     st_stairs_9
D:14:     david_vaults_1, hangedman_abyss_or_decor_passed
Temple:   oiseaux_autumnal_temple
Lair:1:   disabler_island, uniq_nergalle
Lair:2:   uniq_sonja, uniq_fannar
Lair:3:   spider_nest_entry_rubble, minmay_holes, lemuel_oklob_altar
Lair:4:   minmay_swamp_entry_worms, serial_bayou_shore_b,
          infiniplex_staircase_pool
Lair:5:   dpeg_slime_entry_enclosed_altar, grunt_megastairs_5,
          lemuel_fruit_fields, uniq_urug
Lair:6:   minmay_lair_end_enchanted_forest, zaba_anthell, uniq_nessos
Orc:1:    roderic_batcave
Bailey:   bailey_polearm_2, bailey

Skill      XL: |  1  2  3  4  5  6  7  8  9 10 11 12 13 14 15 |
---------------+----------------------------------------------+-----
Axes           | 2 3 4 5 6 7 9 10 11 12 13 | 13.9
Fighting       | 4 5 6 7 8 10 11 12 13 14 15 | 15.2
Armour         | 3 4 5 6 7 8 9 10 | 10.8
Dodging        | 1 2 3 4 6 7 8 9 |  9.9
Invocations    | 4 7 9 |  9.8
Shields        | |  2.6

Action                   |  1- 3 |  4- 6 |  7- 9 | 10-12 | 13-15 || total
-------------------------+-------+-------+-------+-------+-------++-------
Melee: War axe           |   101 |   122 |   372 |    13 |       ||   608
       Headbutt          |       |    12 |    76 |   115 |   152 ||   355
       Punch             |       |       |     3 |       |       ||     3
       Battleaxe         |       |       |       |   591 |   754 ||  1345
       Morningstar       |       |       |       |       |    27 ||    27
Invok: Heroism           |       |       |     5 |     5 |    18 ||    28
       Finesse           |       |       |       |       |     3 ||     3
Evoke: Wand              |       |       |       |       |     1 ||     1
  Use: Scroll            |     1 |       |     2 |     5 |    14 ||    22
       Potion            |       |       |       |       |     6 ||     6
 Stab: Petrified         |       |       |       |       |     5 ||     5
  Eat: Chunk             |       |     3 |    11 |    21 |    16 ||    51
       Pizza             |       |       |       |       |     3 ||     3
Armor: Scale mail        |    50 |    85 |    79 |       |   336 ||   550
       Ring mail         |       |       |    98 |   291 |   150 ||   539
Dodge: Dodged            |    76 |    64 |   258 |   468 |   652 ||  1518
